 Dungeon Sprint DCSS version 0.18.1-48-g4cf74bf (webtiles) character file.

431 tyranidshit the Skirmisher (level 6, -2/68 HPs)
             Began as a Troll Berserker on July 22, 2016.
             Was an Elder of Trog.
             Slain by a vampire (10 damage)
             ... in the Dungeon (Sprint IX: "|||||||||||||||||||||||||||||").
             The game lasted 00:01:40 (167 turns).

tyranidshit the Skirmisher (Troll Berserker)         Turns: 167, Time: 00:01:41

Health: -2/68      AC:  5    Str: 31    XL:     6   Next: 67%
Magic:  5/5        EV: 11    Int:  6    God:    Trog [****..]
Gold:   0          SH:  0    Dex:  9    Spells: 0 memorised, 5 levels left

rFire  . . .     SeeInvis .     a - +0 hand axe
rCold  . . .     Gourm    +     b - +0 animal skin
rNeg   . . .     Faith    .     (no shield)
rPois  .         Spirit   .     (helmet restricted)
rElec  .         Dismiss  .     (no cloak)
rCorr  .         Reflect  .     (gloves unavailable)
SustAt .         Harm     .     (boots unavailable)
MR     ++...     NoTele   +     (no amulet)
Stlth  +.........               o - +3 ring of strength
                                p - +3 ring of intelligence

@: exhausted, regenerating, slowed, very slow, very resistant to hostile
enchantments, very unstealthy
A: unfitting armour, claws 3, fast metabolism 3, gourmand, regeneration 2,
shaggy fur 1, tough skin 2
a: Berserk, Trog's Hand, Brothers in Arms, Burn Spellbooks, Renounce Religion


You were in the Dungeon.
You worshipped Trog.
Trog was greatly pleased with you.
You were hungry.

You visited 1 branch

Inventory:

Hand Weapons
 a - a +0 hand axe (weapon)
Armour
 b - a +0 animal skin (worn)
 m - a +0 pair of boots
 n - a +1 scale mail
Jewellery
 o - a +3 ring of strength (right claw)
 p - a +3 ring of intelligence (left claw)
Wands
 l - a wand of iceblast (7/15)
Scrolls
 i - 2 scrolls of blinking
 k - 3 scrolls of remove curse
Potions
 d - 5 potions of curing
 e - 2 potions of heal wounds
 f - a potion of haste
 g - 4 potions of magic
 h - a potion of berserk rage
 j - a potion of invisibility
Comestibles
 c - 2 bread rations


   Skills:
 + Level 6.6 Fighting
 + Level 6.6 Axes
 + Level 5.6 Armour
 + Level 6.5 Dodging


You had 5 spell levels left.
You didn't know any spells.

Dungeon Overview and Level Annotations

Branches:
Dungeon (1/1)

Altars:
Cheibriados
Dithmenos
Elyvilon
Fedhas
Gozag
Kikubaaqudgha
Makhleb
Nemelex Xobeh
Okawaru
Pakellas
Qazlal
Ru
Sif Muna
Trog
Vehumet
Xom
Yredelemnul
Zin
The Shining One
Beogh
Jiyva
Lugonu


Innate Abilities, Weirdness & Mutations

You are too large for most types of armour.
You have claws for hands.
Your metabolism is lightning-fast.
You like to eat raw meat.
You heal very quickly.
You are covered in fur (AC +1).
You have very tough skin (AC +2).


Message History

You feel much better. Something barely misses you. Something bites you.
Something draws strength from your injuries!
Something hits you! Something bites you but does no damage.
You slash something! Something hits you. Something bites you.
Something draws strength from your injuries!
You miss something. Something hits you but does no damage. Something bites you.
Something draws strength from your injuries!
Something hits you. Something bites you.
Something draws strength from your injuries!
You hit something. Something hits you but does no damage. Something bites you.
Something draws strength from your injuries!
You barely miss something.
You feel the effects of Trog's Hand fading.
Something hits you but does no damage. Something bites you!
* * * LOW HITPOINT WARNING * * *
Something draws strength from your injuries!
Something hits you!
* * * LOW HITPOINT WARNING * * *
Something bites you!
You die...

▓|▓
▓)▓
▓[▓
▓.▓
▓.▓
▓.▓
▓(▓
▓)▓
▓@▓
▓{▓
▓h▓
▓.▓
▓.▓
▓.▓
▓+▓


You could see a hound.

Vanquished Creatures
  A troll (D)
  A centaur (D)
  A howler monkey (D)
  A crimson imp (D)
  2 orc wizards (D)
  A worm (D)
  A giant gecko (D)
  An orc (D)
  A bat (D)
  A goblin (D)
  A hobgoblin (D)
  2 giant newts (D)
14 creatures vanquished.

Notes
Turn   | Place    | Note
--------------------------------------------------------------
     0 | D        | tyranidshit the Troll Berserker began the quest for the Orb.
     0 | D        | Reached XP level 1. HP: 22/22 MP: 0/0
    17 | D        | Reached ** piety under Trog
    40 | D        | Noticed an orc wizard
    40 | D        | Noticed a crimson imp
    40 | D        | Noticed a howler monkey
    43 | D        | Killed a crimson imp
    43 | D        | Reached *** piety under Trog
    43 | D        | Reached skill level 1 in Armour
    43 | D        | Reached XP level 2. HP: 32/32 MP: 1/1
    43 | D        | Reached XP level 3. HP: 39/39 MP: 2/2
    48 | D        | Reached XP level 4. HP: 49/49 MP: 3/3
    72 | D        | Reached **** piety under Trog
    78 | D        | Found a glowing silver altar of Zin.
    78 | D        | Found a glowing golden altar of the Shining One.
    78 | D        | Found an ancient bone altar of Kikubaaqudgha.
    78 | D        | Found a basalt altar of Yredelemnul.
    78 | D        | Found a shimmering altar of Xom.
    78 | D        | Found a radiant altar of Vehumet.
    79 | D        | Found an iron altar of Okawaru.
    80 | D        | Found a burning altar of Makhleb.
    81 | D        | Found a deep blue altar of Sif Muna.
    82 | D        | Found a bloodstained altar of Trog.
    83 | D        | Found a sparkling altar of Nemelex Xobeh.
    84 | D        | Found a white marble altar of Elyvilon.
    85 | D        | Found a roughly hewn altar of Beogh.
    86 | D        | Found a viscous altar of Jiyva.
    87 | D        | Found a corrupted altar of Lugonu.
    88 | D        | Found a blossoming altar of Fedhas.
    89 | D        | Found a snail-covered altar of Cheibriados.
    90 | D        | Found a shadowy altar of Dithmenos.
    91 | D        | Found a stormy altar of Qazlal.
    92 | D        | Found an opulent altar of Gozag.
    93 | D        | Found a sacrificial altar of Ru.
    94 | D        | Found an oddly glowing altar of Pakellas.
   142 | D        | Noticed a centaur
   142 | D        | Noticed a troll
   142 | D        | Noticed a vampire
   148 | D        | Received a gift from Trog
   148 | D        | Reached XP level 5. HP: 55/55 MP: 4/4
   152 | D        | Killed a centaur
   152 | D        | Reached skill level 5 in Fighting
   152 | D        | Reached skill level 5 in Axes
   152 | D        | Reached skill level 5 in Dodging
   158 | D        | Killed a troll
   158 | D        | Reached skill level 5 in Armour
   158 | D        | Reached XP level 6. HP: 27/68 MP: 5/5
   160 | D        | Received a gift from Trog
   167 | D        | Slain by a vampire

Skill      XL: |  1  2  3  4  5 |
---------------+----------------+-----
Fighting       | 3 4 6 |  6.6
Axes           | 3 4 6 |  6.6
Dodging        | 3 4 6 |  6.5
Armour         | 1 2 3 5 |  5.6

Action                   |  1- 3 |  4- 6 || total
-------------------------+-------+-------++-------
Melee: Hand axe          |    24 |    31 ||    55
Invok: Berserk           |     1 |     1 ||     2
       Trog's Hand       |     1 |     1 ||     2
  Use: Potion            |       |     1 ||     1
Armor: Animal skin       |    14 |    10 ||    24
Dodge: Dodged            |    13 |    10 ||    23
